 Dungeon Crawl Stone Soup version 0.31-a0-237-g2d982f9f85 (webtiles) character file.

Game seed: 16683223335115154664

91 qw the Shooter (level 4, -2/36 HPs)
             Began as a Minotaur Hexslinger on July 10, 2023.
             Slain by Sigmund
             ... wielding a +1 scythe of protection
              (4 damage)
             ... on level 3 of the Dungeon.
             The game lasted 00:00:45 (1806 turns).

qw the Shooter (Minotaur Hexslinger)                Turns: 1806, Time: 00:00:46

Health: -2/36      AC:  6    Str: 13    XL:     4   Next: 34%
Magic:  4/4        EV: 17    Int: 10    God:
Gold:   89         SH:  0    Dex: 14    Spells: 4/5 levels left

rFire   . . .        Y - +2 sling
rCold   . . .        (no shield)
rNeg    . . .        b - +0 leather armour
rPois   +            c - +2 hat "Fuwopo Jese" {Fly rPois Will+ Stlth+}
rElec   .            (no cloak)
rCorr   .            h - +0 pair of gloves
SInv    .            (no boots)
Will    +....        (no amulet)
Stlth   ++           e - +5 ring of evasion
HPRegen 0.26/turn    (no ring)
MPRegen 0.09/turn

%: no passive effects
@: flying
A: horns 2, retaliatory headbutt
a: no special abilities


You were on level 3 of the Dungeon.
You visited 1 branch of the dungeon, and saw 3 of its levels.

You collected 89 gold pieces.


Innate Abilities, Weirdness & Mutations

You have a pair of horns on your head.
You reflexively headbutt those who attack you in melee.


   Skills:
 - Level 2.0 Fighting
 + Level 4.9 Ranged Weapons
 - Level 2.1 Dodging
 - Level 1.0 Spellcasting
 - Level 2.0 Hexes


You had 4 spell levels left.
You knew the following spells:

 Your Spells              Type           Power      Damage    Failure   Level
a - Slow                  Hex            16%        N/A       19%         1

Your spell library contained the following spells:

 Spells                   Type           Power      Damage    Failure   Level
 Inner Flame              Hex/Fire       2%         N/A       65%         3
 Portal Projectile        Hex/Tloc       4%         N/A       65%         3
 Cause Fear               Hex            2%         N/A       88%         4

Inventory:

Hand Weapons
 Y - a +2 sling (weapon)
Armour
 b - a +0 leather armour (worn)
 c - the +2 hat "Fuwopo Jese" (worn) {Fly rPois Will+ Stlth+}
   (You acquired it on level 2 of the Dungeon)

   rPois:     It protects you from poison.
   Fly:       It grants you flight.
   Will:      It increases your willpower.
   Stlth:     It makes you more stealthy.
 h - a +0 pair of gloves (worn)
Jewellery
 e - a +5 ring of evasion (left hand)
Scrolls
 a - 2 scrolls of identify
 k - a scroll of amnesia {unknown}
Potions
 d - a potion of ambrosia {unknown}
 f - 2 potions of curing
 g - a potion of might
 i - 2 potions of resistance {unknown}
 j - a potion of brilliance {unknown}

Dungeon Overview and Level Annotations

Branches:
Dungeon (3/15)

Altars:
Kikubaaqudgha
Trog

Shops:
D:1 [

Annotations:
D:3 Sigmund


Message History

You shoot a sling bullet. The sling bullet hits Sigmund!
Sigmund is heavily wounded.
Sigmund misses you.
You shoot a sling bullet. The sling bullet barely misses Sigmund.
Sigmund flickers, as though insubstantial.
Sigmund completely misses you.
You shoot a sling bullet. The sling bullet hits Sigmund.
Sigmund is severely wounded.
You shoot a sling bullet. The sling bullet hits Sigmund.
Sigmund is severely wounded.
Sigmund mumbles some strange words.
Sigmund flickers and vanishes!
Deactivating autopickup; reactivate with Ctrl-A.
Something hits you!
You shoot a sling bullet. You shoot a sling bullet.
Something barely misses you.
You shoot a sling bullet. Something hits you!
You shoot a sling bullet. Something hits you.
You shoot a sling bullet.
A magic dart appears from out of thin air!
The magic dart hits you!
You shoot a sling bullet.
You hear some strange, mumbled words.
A puff of flame appears from out of thin air!
The puff of flame hits you.
You shoot a sling bullet. Something barely misses you.
You shoot a sling bullet.
You hear some strange, mumbled words.
Something tries to affect you, but you resist.
You shoot a sling bullet.
You hear some strange, mumbled words.
A puff of flame appears from out of thin air!
The puff of flame misses you.
You shoot a sling bullet. Something hits you.
You die...

..%....# #########
#.#+####. .......#
#....#### #........
.......# #.._.#Z##
#........
.......###....#### #.<.....
....###....####### #.......
....#
#......##.#######+#######..
....#
#......##.#..............#.
....#
#......##.#.)........###.#.
....#
#....%....@..........###.#.
..
#........##..........#~#.#.
#........# {.........#~#.##
###......# ..........#~#...
##.....# ...........~.###
...##### ########%#.~...#
_..# #.#.~.... ...
########## #.##~####
#........# #.##~# #


There were no monsters in sight!

Vanquished Creatures
  3 adders (D:2)
  A worm (D:3)
  3 dart slugs
  5 endoplasms
  5 giant cockroaches
  A goblin (D:1)
  6 hobgoblins
  2 jackals (D:2)
  A quokka (D:2)
  5 ball pythons
  8 bats
  A frilled lizard (D:1)
  6 kobolds
  6 rats
53 creatures vanquished.

Vanquished Creatures (others)
  A human (D:3)
1 creature vanquished.

Grand Total: 54 creatures vanquished

Notes
Turn   | Place    | Note
-------+----------+-------------------------------------------
     0 | D:1      | qw the Minotaur Hexslinger began the quest for the Orb.
     0 | D:1      | Reached XP level 1. HP: 16/16 MP: 1/1
     0 | D:1      | 0 ||| qw: Version: 0.3-a-52-g30416fa
     0 | D:1      | 0 ||| qw: Game counter: 5295
     0 | D:1      | 0 ||| qw: Melee chars always use a shield: true
     0 | D:1      | 0 ||| qw: God list: Okawaru
     0 | D:1      | 0 ||| qw: Allow faded altars: false
     0 | D:1      | 0 ||| qw: Do Orc after clearing Dungeon:15 true
     0 | D:1      | 0 ||| qw: Do second Lair branch before Depths: true
     0 | D:1      | 0 ||| qw: Lair rune preference: random
     0 | D:1      | 0 ||| qw: Goals: Normal
     0 | D:1      | 0 ||| PLANNING D:1-11
   117 | D:1      | Found a faded altar of an unknown god.
   117 | D:1      | Noticed an eye of devastation
   120 | D:1      | Noticed a golden eye
   148 | D:1      | Noticed an eye of devastation
   156 | D:1      | Noticed a great orb of eyes
   216 | D:1      | Reached skill level 3 in Ranged Weapons
   216 | D:1      | Reached XP level 2. HP: 23/23 MP: 2/2
   386 | D:1      | Found Rateit's Armour Boutique.
   392 | D:1      | 392 ||| SHOPLISTING +0 leather armour (28 gold, have 7).
   392 | D:1      | 392 ||| SHOPLISTING +0 ring mail (56 gold, have 7).
   392 | D:1      | 392 ||| SHOPLISTING +1 cloak of willpower (231 gold, have
                  | 7).
   392 | D:1      | 392 ||| SHOPLISTING +3 leather armour of positive energy
                  | (294 gold, have 7).
   752 | D:1      | 752 ||| UPGRADING to +0 pair of gloves.
   757 | D:1      | 757 ||| READING 2 scrolls labelled ASKUS ASASE.
   758 | D:1      | 758 ||| READING scroll labelled TETIST KIAVEMI.
   759 | D:1      | 759 ||| READING scroll labelled IMUYZI AWNE.
   760 | D:1      | 760 ||| DROPPING scroll of poison.
   874 | D:2      | Reached XP level 3. HP: 29/29 MP: 3/3
   890 | D:2      | Reached skill level 4 in Ranged Weapons
   912 | D:2      | 912 ||| FLEEEEING.
   913 | D:2      | 913 ||| FLEEEEING.
   914 | D:2      | 914 ||| FLEEEEING.
   915 | D:2      | 915 ||| FLEEEEING.
   916 | D:2      | 916 ||| FLEEEEING.
   917 | D:2      | 917 ||| FLEEEEING.
   920 | D:2      | 920 ||| FLEEEEING.
   925 | D:2      | 925 ||| FLEEEEING.
   926 | D:2      | 926 ||| FLEEEEING.
  1283 | D:2      | Reached XP level 4. HP: 32/36 MP: 4/4
  1358 | D:2      | 1358 ||| UPGRADING to +0 leather armour.
  1368 | D:2      | 1368 ||| DROPPING +0 robe.
  1369 | D:2      | 1369 ||| UPGRADING to +5 ring of evasion.
  1370 | D:2      | 1370 ||| READING scroll labelled NUESUGHUYT.
  1370 | D:2      | Identified a scroll of acquirement
  1370 | D:2      | 1370 ||| ACQUIRING +2 hat "Fuwopo Jese" {Fly rPois Will+
                  | Stlth+}
  1370 | D:2      | Acquired the +2 hat "Fuwopo Jese" {Fly rPois Will+ Stlth+}
  1372 | D:2      | 1372 ||| UPGRADING to +2 hat "Fuwopo Jese" {Fly rPois Will+
                  | Stlth+}.
  1377 | D:2      | 1377 ||| READING scroll labelled YNKUPACOAL.
  1378 | D:2      | 1378 ||| DRINKING 3 clear potions.
  1379 | D:2      | 1379 ||| READING 3 scrolls of identify.
  1379 | D:2      | 1379 ||| IDENTIFYING metallic silvery potion
  1769 | D:3      | Found an ancient bone altar of Kikubaaqudgha.
  1770 | D:3      | Noticed a human
  1773 | D:3      | Killed a human
  1780 | D:3      | Found a bloodstained altar of Trog.
  1783 | D:3      | Noticed Sigmund
  1801 | D:3      | HP: 5/36 [something/magic dart (9)]
  1802 | D:3      | HP: 1/36 [something/puff of flame (5)]
  1806 | D:3      | Slain by Sigmund

Levels and vault maps discovered:
D:1:      wheals_arrival_shading, layout_loops_corners, serial_shops,
          nicolae_shop_getting_attention, hellmonk_ecumenical_altar_watching_god
D:2:      layout_rooms
D:3:      layout_basic, tgw_kikubaaqudgha, mainiacjoe_overflow_alcove_1,
          serial_rivers, chequers_serial_rivers_small_a,
          chequers_serial_rivers_small_a, chequers_serial_rivers_micro_e,
          chequers_serial_rivers_micro_d, chequers_serial_rivers_micro_a,
          uniq_sigmund

Skill      XL: |  1  2  3 |
---------------+----------+-----
Ranged Weapons | 3 4 |  4.9
Fighting       | 2 |  2.0
Dodging        | |  2.1
Spellcasting   | |  1.0
Hexes          | |  2.0

Action                     |  1- 3 |  4- 6 || total
---------------------------+-------+-------++-------
   Fire: Sling             |    85 |    67 ||   152
    Use: Scroll            |     3 |     3 ||     6
         Potion            |       |     1 ||     1
 Armour: Robe              |     9 |       ||     9
  Dodge: Dodged            |    16 |    23 ||    39

Table legend:
 A = Non-vault XP
 B = Vault XP
 C = Vault XP percentage of total XP
 D = Non-vault monster count
 E = Vault monster count
 F = Vault count percentage of total count
                 A         B        C        D         E       F
            +---------+---------+-------+---------+---------+-------
      Total |     131 |       0 |   0.0 |      53 |       0 |   0.0
            +---------+---------+-------+---------+---------+-------
        D:1 |      26 |       0 |   0.0 |      15 |       0 |   0.0
        D:2 |      75 |       0 |   0.0 |      24 |       0 |   0.0
        D:3 |      30 |       0 |   0.0 |      14 |       0 |   0.0
            +---------+---------+-------+---------+---------+-------
